 Dungeon Crawl Stone Soup version 0.20.1-1-g8b1a95d (webtiles) character file.

233 letownia2 the Grave Robber (level 5, -3/42 HPs)
             Began as a Deep Dwarf Necromancer on Dec 27, 2017.
             Shot with an arrow by a centaur (10 damage)
             ... on level 5 of the Dungeon.
             The game lasted 00:09:18 (1920 turns).

letownia2 the Grave Robber (Deep Dwarf Necromancer) Turns: 1920, Time: 00:09:19

Health: -3/42      AC:  5    Str: 11    XL:     5   Next: 74%
Magic:  4/8        EV: 10    Int: 17    God:
Gold:   161        SH:  0    Dex: 13    Spells: 4/8 levels left

rFire    . . .     SeeInvis .   x - +0 battleaxe of Responsibility {chop, rN++} (curse)
rCold    . . .     Gourm    .   (shield currently unavailable)
rNeg     + + .     Faith    .   y - +0 ring mail (curse)
rPois    .         Spirit   .   (no helmet)
rElec    .         Reflect  .   (no cloak)
rCorr    .         Harm     .   (no gloves)
MR       .....                  (no boots)
Stlth    +.........             (no amulet)
Regen    0.0/turn               C - ring of wizardry
MPRegen  0.2/turn               (no ring)

@: lethally poisoned (-3 -> -3), non-regenerating, drained
A: damage resistance, heal wounds, sense surroundings 1, no regeneration
a: Heal Wounds


You were on level 5 of the Dungeon.
You were very hungry.

You visited 1 branch of the dungeon, and saw 5 of its levels.

You collected 161 gold pieces.

Inventory:

Hand Weapons
 g - a +0 short sword
 k - a +0 dagger of pain
 t - a +0 rapier
 x - the cursed +0 battleaxe of Responsibility (weapon) {chop, rN++}
   (You found it on level 4 of the Dungeon)

   It inflicts extra damage upon your enemies.
   It greatly protects you from negative energy.
   It has a curse placed upon it.
Missiles
 D - 7 tomahawks (quivered)
Armour
 p - a cursed +0 scale mail
 v - a +0 scale mail
 w - a +2 robe of magic resistance
 y - a cursed +0 ring mail (worn)
 z - a +0 buckler
Jewellery
 o - an uncursed amulet of harm
 C - a ring of wizardry (left hand)
Wands
 A - a wand of lightning (6/15)
Scrolls
 d - a scroll of identify {unknown}
 l - 2 scrolls of teleportation {unknown}
 m - a scroll of remove curse {unknown}
 r - a scroll of immolation {unknown}
Potions
 a - a potion of mutation {unknown}
 e - a potion of haste {unknown}
 f - a potion of brilliance {unknown}
 h - 2 potions of heal wounds {unknown}
 i - 2 potions of curing {unknown}
 j - a potion of resistance {unknown}
 n - 2 potions of agility {unknown}
 q - a potion of flight {unknown}
 s - 2 potions of berserk rage {unknown}
 u - a potion of degeneration {unknown}
Books
 b - a book of Necromancy

   Spells                             Type                      Level
   a - Pain                           Necromancy                   1
   b - Animate Skeleton               Necromancy                   1
   c - Vampiric Draining              Necromancy                   3
   d - Regeneration                   Charms/Necromancy            3
   e - Animate Dead                   Necromancy                   4
   f - Control Undead                 Necromancy                   4
Comestibles
 c - 2 bread rations
 B - a fruit


   Skills:
 - Level 2.1(1.7) Dodging
 - Level 2.4(1.9) Stealth
 - Level 2.4(1.9) Spellcasting
 + Level 7.4(6.9) Necromancy


You had 4 spell levels left.
You knew the following spells:

 Your Spells              Type           Power        Failure   Level  Hunger
a - Pain                  Necr           ####         1%          1    #......
v - Vampiric Draining     Necr           ####......   3%          3    ###....


Dungeon Overview and Level Annotations

Branches:
Dungeon (5/15)
 Temple: D:4-7

Altars:

Annotations:
D:3 letownia2's ghost, weakling DDNe
D:4 Dowan; Duvessa; Pikel


Innate Abilities, Weirdness & Mutations

You are resistant to damage.
You can heal yourself by infusing magical energy.
You passively map a small area around you.
You do not regenerate.


Message History

You are feeling very hungry.
Mmm - a full handful of strawberries!
The worker ant barely misses you.
Unknown command.
Casting: Pain
Confirm with . or Enter, or press ? or * to list all spells.
Aiming: Vampiric Draining
Press: ? - help, Shift-Dir - straight line, f/p - worker ant
Aim: a worker ant (severely wounded)
You kill the worker ant!
You feel life coursing into your body.
Unknown command.
Unknown command.
A centaur comes into view.
The centaur shouts!
The centaur wields a shortbow.
The centaur shoots an arrow.
The arrow hits you!
* * * LOW HITPOINT WARNING * * *
You see here a worker ant corpse.
You butcher the worker ant corpse.
The centaur shoots an arrow.
The arrow hits you!
You die...

#....c..#.. , ,
#...[..... * #........
, #.......# , , ,
#.......# ### , ,
#..!....#....
#..........# #...... *
* #@.$# *##..... *
#.#.# * ......#***
####.# #, .....#
#....#.#.. #..<.#*
#.####....###....#
##.# #.#......#.# #..#
#.#.##...#<##.#
#.######.#...........#
#.##...#.............<


You could see a centaur.

Vanquished Creatures
  A jelly (D:4)
  2 orc wizards
  A bullfrog skeleton (D:5)
  Jessica (D:2)
  A worker ant (D:5)
  2 adders (D:3)
  An ooze (D:4)
  3 leopard geckos
  8 orcs
  A bat (D:2)
  2 giant cockroaches (D:3)
  5 hobgoblins
  3 jackals (D:3)
  3 kobolds
  2 ball pythons
  5 goblins
  A rat (D:3)
42 creatures vanquished.

Notes
Turn   | Place    | Note
-------+----------+-------------------------------------------
     0 | D:1      | letownia2 the Deep Dwarf Necromancer began the quest for the Orb.
     0 | D:1      | Reached XP level 1. HP: 15/15 MP: 3/3
    48 | D:2      | Noticed Jessica
    77 | D:2      | Killed Jessica
    77 | D:2      | Reached XP level 2. HP: 22/22 MP: 1/5
   155 | D:2      | Reached skill level 5 in Necromancy
   188 | D:2      | Reached XP level 3. HP: 25/28 MP: 2/6
   193 | D:2      | Learned a level 3 spell: Vampiric Draining
   330 | D:3      | Noticed letownia2's ghost (weakling DDNe)
   846 | D:3      | Reached XP level 4. HP: 27/36 MP: 5/7
   866 | D:3      | Reached skill level 6 in Necromancy
  1078 | D:4      | Reached XP level 5. HP: 16/42 MP: 1/8
  1180 | D:4      | Got a steaming battleaxe
  1181 | D:4      | Identified the cursed +0 battleaxe of Responsibility {chop, rN++} (You found it on level 4 of the Dungeon)
  1337 | D:4      | Noticed Pikel
  1337 | D:4      | Noticed a slave
  1337 | D:4      | Noticed a slave
  1337 | D:4      | Noticed Dowan
  1338 | D:4      | Noticed a slave
  1338 | D:4      | Noticed Duvessa
  1529 | D:4      | Noticed a slave
  1835 | D:3      | Reached skill level 7 in Necromancy
  1876 | D:5      | Entered Level 5 of the Dungeon
  1919 | D:5      | Noticed a centaur
  1920 | D:5      | Shot with an arrow by a centaur

Skill      XL: |  1  2  3  4  5 |
---------------+----------------+-----
Spellcasting   | 2 |  2.4
Necromancy     | 5 6 7 |  7.4
Dodging        | |  2.1
Stealth        | |  2.4

Action                   |  1- 3 |  4- 6 || total
-------------------------+-------+-------++-------
Melee: Short sword       |     7 |    30 ||    37
       Battleaxe         |       |     9 ||     9
 Cast: Pain              |    34 |    24 ||    58
       Vampiric Draining |     6 |     7 ||    13
 Stab: Sleeping          |     1 |       ||     1
  Eat: Chunk             |     1 |     3 ||     4
       Fruit             |       |     1 ||     1
Armor: Leather armour    |    22 |       ||    22
       Ring mail         |     2 |    32 ||    34
Dodge: Dodged            |    31 |    44 ||    75
